AoeStats
← HansDampf87

Baltic

510827126Analyzed
2v2 RM · 14h ago on Oct 2, 2026· 93m 22s· 4 players
Game mode
Random Map
Map size
Medium (4 player)
Population
200
Speed
Normal
Resources
Standard
Victory
Conquest
Starting age
Dark Age
Ending age
Imperial Age
RankedLock teamsTeams togetherTeam positionsShared explorationLock speedFull tech treeHidden civsTurbo modeCheats
Victory
Defeat
🇦🇹 Vietnamese · Austria
922
+15
🇦🇹 Portuguese · Austria
916
+15
🇬🇧 Persians · United Kingdom
894
-15
🇬🇧 Britons · United Kingdom
894
-15
MediumSizedGoose
10:25 Loom
12:27 Feudal Age
17:22 Castle Age
15:40 Horse Collar
15:48 Double-Bit Axe
22:09 Bloodlines
24:55 Scale Mail Armor
25:07 Forging
25:02 Scale Barding Armor
30:08 Wheelbarrow
29:20 Town Watch
30:55 Iron Casting
31:05 Bow Saw
34:41 Heavy Plow
39:09 Hand Cart
48:47 Light Cavalry
50:13 Elite Skirmisher
72:17 Caravan
86:46 Ballistics
A Nerdy Egg
11:26 Feudal Age
9:47 Loom
12:56 Double-Bit Axe
17:16 Castle Age
15:16 Horse Collar
21:18 Wheelbarrow
21:52 Fletching
22:34 Bow Saw
24:34 Gold Mining
26:39 Padded Archer Armor
26:34 Bodkin Arrow
29:26 Imperial Age
28:17 Bodkin Arrow
28:37 Leather Archer Armor
31:36 Chemistry
30:57 Ballistics
31:28 Hand Cart
33:37 Elite Longbowman
35:29 Bracer
38:54 Yeomen
47:08 Light Cavalry
48:15 Forging
48:11 Scale Barding Armor
48:37 Ring Archer Armor
50:12 Iron Casting
62:58 Crossbowman
65:54 Arbalester
68:03 Heavy Plow
72:18 Caravan
82:08 Cavalier
cptkarachoe
0:34 Loom
12:51 Feudal Age
15:54 Double-Bit Axe
15:53 Horse Collar
17:06 Fishing Lines
22:08 Castle Age
21:30 Stone Mining
21:34 Gold Mining
23:12 Heavy Plow
25:50 Pikeman
27:28 Circumnavigation
30:11 Bow Saw
30:26 Murder Holes
35:01 Imperial Age
34:32 Ballistics
34:53 Medium Warships
35:06 Elite Skirmisher
36:31 Thumb Ring
37:10 Conscription
38:01 Chemistry
37:04 Imperial Skirmisher
41:03 Elite Cannon Galleon
43:01 Town Watch
43:52 Wheelbarrow
43:59 Conscription
49:32 Fletching
49:42 Padded Archer Armor
66:15 Careening
67:10 Husbandry
67:22 Bloodlines
66:35 Light Cavalry
71:16 Scale Barding Armor
92:21 Halberdier
92:48 Gambesons
92:49 Arson
HansDampf87
0:36 Loom
13:40 Feudal Age
14:01 Fishing Lines
13:49 Man-at-Arms
14:46 Arson
16:00 Double-Bit Axe
20:32 Wheelbarrow
25:36 Castle Age
26:08 Fletching
26:19 Padded Archer Armor
26:53 Hand Cart
27:35 Bodkin Arrow
27:56 Leather Archer Armor
31:07 Imperial Age
29:31 Bow Saw
30:59 Chatras
32:38 Ballistics
32:40 Bracer
33:11 Ring Archer Armor
32:58 Gillnets
34:24 Paper Money
34:11 Gold Mining
34:29 Horse Collar
34:33 Elite Rattan Archer
37:14 Two-Man Saw
40:05 Elite Skirmisher
42:53 Imperial Skirmisher
51:46 Thumb Ring
61:07 Capped Ram
77:43 Heavy Plow
93:06 Scale Barding Armor
93:12 Forging
Connection lost

Rejoining the realm…

Still unreachable

The connection could not be restored.

Session expired

The server has moved on; the page needs a fresh start.